 Dungeon Crawl Stone Soup version bcrawl-1.27.6 (webtiles) character file.

Game seed: 17408472761320663

166526 Faustar the Skirmisher (level 6, -1/71 HPs)
             Began as an Ogre Berserker on Oct 9, 2020.
             Was a Believer of Trog.
             Slain by a sky beast (6 damage)
             ... on level 4 of the Dungeon.
             The game lasted 00:04:09 (3861 turns).

Faustar the Skirmisher (Ogre Berserker)             Turns: 3861, Time: 00:04:10

Health: -1/71      AC:  3    Str: 23 (24) XL:     6   Next: 88%
Magic:  6/6        EV: 15    Int:  6 (8)  God:    Trog [**....]
Gold:   210        SH:  0    Dex: 12 (13) Spells: 5/5 levels left

rFire    . . .     SeeInvis .   v - +0 flail
rCold    . . .     Gourm    .   (no shield)
rNeg     . . .     Faith    .   b - +0 animal skin
rPois    .         Spirit   .   (helmet restricted)
rElec    .         Reflect  .   (no cloak)
rCorr    .         Harm     .   (gloves unavailable)
MR       .....                  (boots unavailable)
Stlth    ++........             (no amulet)
HPRegen  0.21/turn              (no ring)
MPRegen  0.10/turn              (no ring)

@: agile
A: large, unfitting armour, tough skin 1
a: Berserk, Trog's Hand, Renounce Religion


You were on level 4 of the Dungeon.
You worshipped Trog.
Trog was pleased with you.
You were hungry.

You visited 2 branches of the dungeon, and saw 5 of its levels.

You collected 210 gold pieces.

Inventory:

Hand Weapons
 a - a +0 mace
 v - a +0 flail (weapon)
Armour
 b - a +0 animal skin (worn)
 u - a +0 cloak
Jewellery
 q - an uncursed ring of see invisible {unknown}
 t - an uncursed ring of stealth {unknown}
Scrolls
 c - 3 scrolls of teleportation {unknown}
 d - a scroll of fog {unknown}
 g - 6 scrolls of remove curse {unknown}
 h - a scroll of identify
 k - a scroll of fear {unknown}
 l - a scroll of amnesia {unknown}
Potions
 f - a potion of might {unknown}
 i - a potion of invisibility {unknown}
 j - 4 potions of curing
 m - a potion of lignification {unknown}
 n - a potion of mutation {unknown}
 o - a potion of magic {unknown}
 p - a potion of haste {unknown}
 r - a potion of heal wounds {unknown}
 s - a potion of degeneration
 w - a potion of agility
 x - a potion of ambrosia {unknown}
Comestibles
 e - 6 rations {!d}


   Skills:
 + Level 7.5 Fighting
 + Level 6.8 Maces & Flails
 - Level 2.6 Dodging


You had 5 spell levels left.
You didn't know any spells.
Your spell library was empty.

Dungeon Overview and Level Annotations

Branches:
Dungeon (4/12)             Temple (1/1) D:4

Altars:
Uskayaw
Wu Jian

Shops:
D:4 =


Innate Abilities, Weirdness & Mutations

You are too large for most types of armour.
You have tough skin. (AC +1)


Message History

You closely miss the sky beast.
The sky beast is heavily wounded.
The sky beast closely misses you. The sky beast hits you.
* * * LOW HITPOINT WARNING * * *
The sky beast shocks you.
* * * LOW HITPOINT WARNING * * *
It was a potion of curing.
You feel better. The sky beast hits you.
* * * LOW HITPOINT WARNING * * *
The sky beast shocks you.
* * * LOW HITPOINT WARNING * * *
It was a potion of degeneration.
There was something very wrong with that liquid.
You feel weakened.
You feel dopey.
You feel clumsy.
The sky beast hits you but does no damage.
It was a potion of agility.
You feel agile all of a sudden. The sky beast hits you.
* * * LOW HITPOINT WARNING * * *
The sky beast shocks you.
You die...

### #.. #.# #.# #.# #.# #Y#
########@# .# #........##.#
###.#########.#
#..........:#.#
#.##.######.#.# #.##.#
#.#.#
#######.##.######.#.#####..
...........................
#######.##.######.#..####.


You could see a sky beast.

Vanquished Creatures
  A bullfrog (D:4)
  2 crimson imps (D:4)
  An orc priest (D:4)
  An orc wizard (D:4)
  A bullfrog skeleton (D:3)
  A centaur skeleton (D:4)
  A worker ant (D:3)
  4 gnolls
  An adder (D:3)
  An ooze (D:1)
  3 worms
  2 dart slugs
  5 leopard geckos
  8 orcs
  3 giant cockroaches
  8 goblins
  5 hobgoblins
  6 kobolds
  3 quokkas
  5 bats
  2 frilled lizards
  4 rats
68 creatures vanquished.

Notes
Turn   | Place    | Note
-------+----------+-------------------------------------------
     0 | D:1      | Faustar the Ogre Berserker began the quest for the Orb.
     0 | D:1      | Reached XP level 1. HP: 24/24 MP: 1/1
   273 | D:1      | Reached XP level 2. HP: 33/33 MP: 2/2
   949 | D:2      | Reached XP level 3. HP: 34/40 MP: 3/3
  1142 | D:2      | Reached skill level 5 in Fighting
  1301 | D:2      | Reached ** piety under Trog
  1321 | D:2      | Found a faded altar of an unknown god.
  1861 | D:3      | Reached XP level 4. HP: 46/50 MP: 4/4
  2053 | D:3      | Reached skill level 5 in Maces & Flails
  2270 | D:3      | Found a hide-covered altar of Uskayaw.
  2491 | D:3      | Reached skill level 6 in Fighting
  2491 | D:3      | Reached XP level 5. HP: 39/59 MP: 5/5
  2999 | D:3      | Reached XP level 6. HP: 5/68 MP: 6/6
  3183 | D:4      | Reached skill level 7 in Fighting
  3364 | D:4      | Found a staircase to the Ecumenical Temple.
  3379 | Temple   | Entered the Ecumenical Temple
  3554 | D:4      | Found Vaticyn's Jewellery Shop.
  3847 | D:4      | Noticed a sky beast
  3861 | D:4      | Slain by a sky beast

Skill      XL: |  1  2  3  4  5  6 |
---------------+-------------------+-----
Maces & Flails | 4 5 6 |  6.8
Fighting       | 5 6 7 |  7.5
Dodging        | |  2.6

Action                   |  1- 3 |  4- 6 || total
-------------------------+-------+-------++-------
Melee: Mace              |   167 |    16 ||   183
       Flail             |       |   109 ||   109
  Use: Potion            |       |     3 ||     3
  Eat: Chunk             |     8 |     9 ||    17
Armor: Animal skin       |    52 |    25 ||    77
Dodge: Dodged            |   109 |    61 ||   170
